Map: Dämmertürme

Players

Hunefer - Winner!

  • Race: Protoss Protoss
  • League: Platinum

Stannum

  • Race: Protoss Protoss
  • League: Platinum

VOD

Have the link to the VOD?

Description

Time

  • Played on: March 9, 2016, 3:06 p.m.
  • Length: 23:45
Show
View Real Time Build Order
Export as new Build Order

Hunefer Protoss - Winner!

Build Orders: Nexus First 

Get SALT Encoding   

  12  0:01  Probe (Chrono Boost)  
  13  0:11  Probe (Chrono Boost)  
  14  0:18  Pylon  
  14  0:22  Probe (Chrono Boost)  
  15  0:36  Probe (Chrono Boost)  
  16  0:47  Probe (Chrono Boost)  
  17  1:00  Nexus  
  17  1:11  Gateway  
  17  1:13  Probe (Chrono Boost)  
  18  1:25  Assimilator  
  18  1:29  Probe (Chrono Boost)  
  18  1:31  Assimilator  
  19  1:39  Probe (Chrono Boost)  
  19  1:55  Probe (Chrono Boost)  
  19  1:58  Cybernetics Core  
  20  2:02  Pylon  
  20  2:05  Probe (Chrono Boost)  
  21  2:16  Probe (Chrono Boost)  
  21  2:18  Probe (Chrono Boost)  
  23  2:26  Probe (Chrono Boost)  
  23  2:28  Probe (Chrono Boost)  
  25  2:34  Warp Gate, Stalker (Chrono Boost)  
  27  2:38  Mothership Core  
  27  2:42  Probe  
  27  2:43  Pylon  
  30  2:53  Probe  
  31  3:01  Twilight Council  
  31  3:05  Probe  
  31  3:07  Probe  
  33  3:14  Stalker (Chrono Boost)  
  33  3:16  Probe  
  33  3:19  Probe  
  37  3:29  Pylon  
  31  3:47  Stalker (Chrono Boost)  
  33  3:49  Probe  
  33  3:51  Probe  
  35  4:00  Gateway  
  35  4:02  Twilight Council  
  35  4:03  Probe  
  31  4:20  Probe  
  31  4:22  Probe  
  33  4:31  Probe  
  32  4:34  Probe  
  32  4:36  Stalker  
  32  4:50  Probe x2 (Chrono Boost)  
  34  4:59  Assimilator  
  34  5:01  Probe x2 (Chrono Boost)  
  34  5:04  Assimilator  
  30  5:12  Probe x2 (Chrono Boost)  
  28  5:21  Stalker  
  30  5:33  Probe (Chrono Boost)  
  30  5:34  Probe (Chrono Boost)  
  32  5:38  Forge  
  32  5:44  Stalker, Probe x2 (Chrono Boost)  
  32  5:45  Stalker  
  38  5:55  Probe x2 (Chrono Boost)  
  40  5:57  Gateway  
  40  6:01  Pylon  
  40  6:05  Probe x2 (Chrono Boost)  
  42  6:13  Photon Cannon  
  42  6:16  Probe x2 (Chrono Boost)  
  40  6:32  Photon Cannon  
  40  6:33  Photon Cannon  
  40  6:37  Stalker  
  42  6:40  Probe (Chrono Boost)  
  42  6:44  Probe (Chrono Boost)  
  43  6:55  Probe x2 (Chrono Boost)  
  43  6:58  Photon Cannon  
  45  7:02  Protoss Ground Weapons Level 1 (Chrono Boost)  
  45  7:09  Blink (Chrono Boost)  
  45  7:13  Probe  
  45  7:14  Probe  
  47  7:20  Stalker  
  46  7:35  Stalker x2  
  39  7:46  Stalker  
  41  8:08  Stalker  
  41  8:09  Stalker  
  45  8:19  Stargate  
  45  8:20  Sentry  
  45  8:26  Probe  
  47  8:29  Gateway  
  48  8:42  Photon Cannon  
  48  8:46  Photon Cannon  
  48  8:51  Photon Cannon  
  48  8:53  Sentry x2, Protoss Ground Armor Level 1 (Chrono Boost)  
  52  9:00  Probe  
  52  9:02  Pylon  
  53  9:22  Photon Cannon  
  53  9:23  Void Ray (Chrono Boost)  
  57  9:32  Stalker  
  57  9:38  Stalker  
  57  9:45  Probe  
  55  9:46  Probe  
  57  9:58  Probe  
  58  10:08  Photon Cannon  
  58  10:10  Photon Cannon  
  58  10:19  Photon Cannon  
  58  10:21  Probe  
  59  10:27  Probe  
  59  10:33  Probe  
  61  10:40  Probe  
  62  10:45  Probe  
  63  10:50  Protoss Ground Weapons Level 2 (Chrono Boost)  
  63  10:53  Phoenix  
  60  11:20  Phoenix  
  62  11:28  Stalker x3  
  62  11:29  Stalker  
  70  11:52  Nexus  
  69  11:55  Pylon  
  68  12:01  Void Ray  
  68  12:03  Stalker  
  68  12:04  Stalker  
  76  12:22  Photon Cannon  
  76  12:27  Photon Cannon  
  76  12:29  Photon Cannon  
  67  12:53  Probe  
  67  12:54  Probe  
  69  13:04  Probe  
  70  13:07  Probe  
  71  13:12  Stalker  
  71  13:13  Stalker  
  71  13:14  Probe x2  
  71  13:18  Stalker  
  71  13:19  Probe  
  80  13:25  Probe x2  
  82  13:31  Probe  
  83  13:35  Probe  
  83  13:38  Stalker  
  86  13:42  Protoss Ground Weapons Level 3 (Chrono Boost), Probe  
  86  13:44  Probe  
  86  13:46  Probe  
  89  13:53  Photon Cannon  
  89  13:55  Probe  
  89  13:56  Probe x2  
  92  14:03  Photon Cannon  
  92  14:05  Probe  
  94  14:10  Stalker  
  94  14:11  Stalker  
  75  14:33  Stalker  
  75  14:36  Assimilator  
  77  14:41  Assimilator  
  77  14:43  Pylon  
  77  14:45  Pylon  
  77  14:46  Protoss Air Weapons Level 1 (Chrono Boost)  
  77  14:47  Pylon  
  77  15:00  Pylon  
  77  15:02  Probe  
  77  15:03  Probe  
  77  15:05  Stalker  
  77  15:06  Stalker x2  
  85  15:13  Probe  
  85  15:15  Probe  
  85  15:17  Photon Cannon  
  85  15:19  Photon Cannon  
  87  15:32  Pylon  
  87  15:41  Stargate  
  87  15:54  Stalker  
  87  16:11  Stalker x2  
  87  16:12  Stalker  
  87  16:17  Void Ray  
  97  16:24  Stargate, Void Ray  
  71  16:54  Stalker x2  
  71  16:55  Stalker x2  
  71  17:00  Void Ray  
  77  17:07  Void Ray  
  75  17:21  Stalker  
  75  17:22  Stalker x2  
  81  17:27  Void Ray  
  85  17:43  Void Ray  
  89  17:50  Void Ray  
  93  17:52  Stalker x2  
  97  18:15  Nexus  
  97  18:25  Void Ray  
  101  18:37  Pylon  
  101  18:42  Protoss Shields Level 1 (Chrono Boost)  
  101  18:47  Void Ray  
  105  18:49  Fleet Beacon  
  105  19:11  Void Ray  
  109  19:29  Void Ray  
  113  19:33  Protoss Air Weapons Level 2 (Chrono Boost)  
  113  19:51  Void Ray  
  113  20:11  Void Ray  
  113  20:14  Void Ray  
  121  20:17  Zealot  
  123  20:21  Probe  
  123  20:23  Probe x2  
  126  20:30  Pylon  
  126  20:32  Probe  
  126  20:35  Pylon, Probe x2  
  129  20:47  Probe x2  
  131  21:01  Void Ray  
  131  21:02  Void Ray  
  139  21:20  Void Ray  
  143  21:44  Void Ray  
  143  21:47  Void Ray  
  135  22:21  Void Ray  
  139  22:27  Void Ray  
  143  22:57  Void Ray  
  147  22:58  Assimilator  
  147  22:59  Stalker  
  147  23:04  Assimilator  
  147  23:05  Pylon  
  149  23:06  Pylon  
  149  23:09  Pylon  
  149  23:10  Pylon  
  149  23:12  Pylon  
Show
View Real Time Build Order
Export as new Build Order

Stannum Protoss 

Build Orders: Oracle Opening 

Get SALT Encoding   

  12  0:12  Pylon  
  12  0:16  Probe (Chrono Boost)  
  13  0:31  Gateway  
  13  0:37  Assimilator  
  13  0:41  Probe (Chrono Boost)  
  14  0:51  Probe (Chrono Boost)  
  14  0:53  Assimilator  
  15  1:02  Probe (Chrono Boost)  
  16  1:12  Probe (Chrono Boost)  
  17  1:22  Cybernetics Core  
  17  1:23  Probe (Chrono Boost)  
  18  1:33  Probe (Chrono Boost)  
  18  1:38  Pylon  
  19  1:53  Probe (Chrono Boost)  
  20  2:00  Stargate  
  20  2:04  Pylon  
  20  2:12  Mothership Core (Chrono Boost)  
  22  2:31  Pylon  
  22  2:37  Probe (Chrono Boost)  
  22  2:43  Oracle (Chrono Boost)  
  26  2:48  Probe  
  27  3:07  Forge  
  27  3:15  Oracle (Chrono Boost)  
  30  3:46  Photon Cannon, Oracle (Chrono Boost)  
  33  3:52  Photon Cannon  
  33  4:17  Oracle (Chrono Boost)  
  33  4:26  Stargate  
  33  4:50  Photon Cannon  
  33  4:51  Oracle (Chrono Boost)  
  36  4:53  Pylon  
  39  5:29  Oracle (Chrono Boost)  
  39  5:44  Nexus  
  39  5:46  Oracle (Chrono Boost)  
  39  5:47  Photon Cannon  
  42  5:51  Pylon  
  42  6:05  Probe  
  43  6:17  Probe  
  47  6:27  Oracle (Chrono Boost)  
  47  6:29  Probe  
  47  6:32  Phoenix (Chrono Boost)  
  50  6:41  Pylon, Probe  
  51  6:53  Probe  
  55  7:04  Oracle (Chrono Boost)  
  55  7:06  Probe  
  56  7:18  Probe  
  57  7:51  Oracle (Chrono Boost)  
  60  7:55  Oracle (Chrono Boost), Probe  
  64  7:59  Assimilator  
  64  8:00  Pylon  
  64  8:03  Assimilator  
  64  8:05  Probe  
  64  8:09  Pylon  
  64  8:11  Photon Cannon  
  65  8:16  Probe  
  66  8:20  Photon Cannon  
  66  8:26  Probe  
  69  8:27  Oracle (Chrono Boost)  
  70  8:37  Probe  
  71  8:47  Probe  
  71  8:51  Pylon  
  71  8:54  Photon Cannon  
  72  8:56  Photon Cannon  
  72  8:58  Probe  
  72  8:59  Stargate  
  72  9:00  Pylon  
  73  9:08  Probe  
  76  9:12  Oracle (Chrono Boost)  
  77  9:25  Oracle (Chrono Boost)  
  68  9:50  Probe  
  69  9:59  Nexus  
  69  10:01  Phoenix (Chrono Boost), Probe  
  72  10:11  Probe  
  78  10:14  Protoss Air Weapons Level 1  
  78  10:15  Void Ray (Chrono Boost)  
  78  10:17  Void Ray (Chrono Boost)  
  78  10:21  Pylon  
  78  10:22  Photon Cannon, Probe  
  83  10:28  Void Ray (Chrono Boost)  
  83  10:37  Photon Cannon  
  83  10:47  Photon Cannon  
  87  11:02  Void Ray (Chrono Boost)  
  87  11:18  Void Ray (Chrono Boost)  
  88  11:20  Probe  
  93  11:26  Void Ray (Chrono Boost)  
  93  11:31  Probe  
  93  11:34  Photon Cannon  
  94  11:45  Assimilator  
  94  11:46  Void Ray (Chrono Boost)  
  98  11:50  Assimilator  
  99  12:01  Void Ray (Chrono Boost)  
  99  12:06  Probe  
  104  12:16  Probe  
  104  12:18  Void Ray (Chrono Boost)  
  104  12:21  Pylon  
  105  12:27  Probe  
  106  12:37  Probe  
  99  12:53  Void Ray (Chrono Boost)  
  99  12:56  Stargate  
  99  12:57  Void Ray (Chrono Boost)  
  99  12:58  Probe  
  104  13:03  Pylon  
  102  13:08  Probe  
  103  13:19  Probe  
  107  13:22  Protoss Air Armor Level 1, Void Ray (Chrono Boost)  
  108  13:29  Probe, Pylon  
  107  13:40  Probe  
  108  13:47  Void Ray (Chrono Boost)  
  109  13:50  Probe  
  114  13:56  Void Ray (Chrono Boost)  
  114  14:01  Probe  
  115  14:05  Void Ray (Chrono Boost)  
  119  14:11  Probe  
  120  14:22  Probe  
  73  14:32  Probe  
  73  14:38  Void Ray (Chrono Boost)  
  86  14:39  Void Ray (Chrono Boost)  
  86  14:41  Void Ray (Chrono Boost)  
  86  14:43  Probe  
  87  14:55  Photon Cannon  
  83  15:04  Fleet Beacon, Void Ray (Chrono Boost)  
  87  15:11  Pylon  
  91  15:23  Void Ray (Chrono Boost)  
  95  15:37  Void Ray (Chrono Boost)  
  95  15:40  Probe  
  100  15:46  Void Ray (Chrono Boost)  
  100  15:57  Phoenix (Chrono Boost)  
  102  16:17  Void Ray (Chrono Boost)  
  102  16:18  Photon Cannon  
  106  16:20  Photon Cannon  
  109  16:27  Void Ray (Chrono Boost)  
  62  17:21  Stargate  
  58  17:23  Stargate  
  49  17:41  Stargate  
  45  18:02  Nexus  
  45  18:10  Nexus  
  45  18:19  Void Ray x2 (Chrono Boost)  
  57  18:31  Void Ray (Chrono Boost)  
  57  19:02  Void Ray (Chrono Boost)  
  65  19:11  Void Ray (Chrono Boost)  
  65  19:16  Pylon  
  69  19:27  Void Ray (Chrono Boost)  
  69  19:28  Probe  
  70  19:38  Probe  
  71  19:50  Probe  
  76  19:54  Assimilator  
  76  19:57  Void Ray (Chrono Boost)  
  76  20:04  Pylon  
  76  20:10  Assimilator  
  76  20:17  Pylon  
  76  20:18  Probe  
  77  20:28  Probe  
  77  20:34  Pylon  
  78  20:39  Probe  
  76  21:04  Void Ray (Chrono Boost)  
  76  21:10  Pylon  
Tags
 
Add a new tag
Caveats
  • Supply blocks, unpowered buildings, or Contaminate may cause inaccurate times.
  • Supply counts are checked every 10 seconds.